 Dungeon Crawl Stone Soup version 0.16-a0-326-g6f2d4d4 (webtiles) character file.

326 PolkaDot the Caller (level 6, -10/41 HPs)
             Began as a Vampire Summoner on Sept 4, 2014.
             Killed from afar by a fire drake (33 damage)
             ... with a blast of flame
             ... on Level 3 of the Dungeon.
             The game lasted 00:10:52 (2985 turns).

PolkaDot the Caller (Vampire Summoner)              Turns: 2985, Time: 00:10:52

HP -10/41        AC  4     Str  7      XL: 6   Next: 24%
MP   7/10        EV 12     Int 19      God:
Gold 140         SH  0     Dex 14      Spells:  3 memorised,  3 levels left

rFire  . . .     SeeInvis +     n - +3 quarterstaff (chaos)
rCold  . . .     Clarity  .     a - +0 robe
rNeg   . . .     rCorr    .     (no shield)
rPois  .         rRot     .     (no helmet)
rElec  .         Spirit   .     o - +0 cloak
SustAb .         Warding  .     k - +0 pair of gloves
rMut   .         Stasis   .     (no boots)
Gourm  .                        (no amulet)
MR     .....                    (no ring)
                                (no ring)

@: regenerating quickly, not resistant to hostile enchantments, unstealthy
A: bottle blood, fangs 3, see invisible, unbreathing
a: Bottle Blood


You were on level 3 of the Dungeon.
You were full.

You visited 1 branch of the dungeon, and saw 3 of its levels.

You collected 140 gold pieces.

Inventory:

Hand weapons
 n - a +3 quarterstaff of chaos (weapon)
Armour
 a - a +0 robe (worn)
 k - a +0 pair of gloves (worn)
 o - a +0 cloak (worn)
Magical devices
 l - a wand of frost (13)
Scrolls
 c - a scroll of remove curse
 g - a scroll of identify {unknown}
 i - 2 scrolls of teleportation
 j - a scroll of magic mapping {unknown}
 m - a scroll of blinking
Potions
 d - a potion of curing
 e - a potion of restore abilities
 h - a potion of magic {unknown}
Books
 b - a book of Callings

   Spells                             Type                      Level
   *Summon Small Mammal               Summoning                    1
   *Call Imp                          Summoning                    2
   *Call Canine Familiar              Summoning                    3
   Summon Guardian Golem              Hexes/Summoning              4
   Summon Lightning Spire             Summoning/Air                4
   Summon Ice Beast                   Ice/Summoning                4


   Skills:
 - Level 2.1 Dodging
 - Level 3.0 Stealth
 - Level 2.0 Spellcasting
 * Level 7.6 Summonings


You had 3 spell levels left.
You knew the following spells:

 Your Spells              Type           Power        Failure   Level  Hunger
a - Summon Small Mammal   Summ           ####         1%          1    #......
d - Call Canine Familiar  Summ           ####....     1%          3    ####...
s - Call Imp              Summ           ####....     1%          2    ##.....


Dungeon Overview and Level Annotations

Branches:
Dungeon (3/15)

Altars:
Elyvilon
Kikubaaqudgha
Okawaru


Innate Abilities, Weirdness & Mutations

Your natural rate of healing is unusually fast.
You can bottle blood from corpses.
You have razor-sharp teeth.
You have supernaturally acute eyesight.
You can survive without breathing.


Message History

You hit the worm but do no damage.
The worm evaporates and reforms as a fire drake!
The fire drake barely misses you.
You hit the fire drake.
The fire drake is poisoned.
The fire drake is lightly wounded.
The fire drake bites you.
The fire drake bites you but does no damage.
You hit the fire drake.
The fire drake suddenly stops moving!
The fire drake is moderately wounded.
The fire drake is no longer paralysed.
The fire drake bites you!
You are too injured to fight recklessly!
You are too injured to fight recklessly!
Casting: Call Imp
Confirm with . or Enter, or press ? or * to list all spells.
The fire drake bites you!
* * * LOW HITPOINT WARNING * * *
The fire drake breathes flames at you. The blast of flame hits you!
Ouch! That really hurt!
You die...

.......##....# #...'
#......##.######.#.'
#......##.#......[<'
#......+...........#
#..........[.......#
#......+...........#
#..h...#...........#
####......########.#
#@....?..# #..
#k###.#..# #.# #..
.....# #.# ####
....# ..# #### #.##
.. . ... # ...


You could see a fire drake.

Vanquished Creatures
  The ghost of Autism the Shield-Bearer, a weakling DgFi (D:3)
  3 vampire bats (D:3)
  2 adders (D:3)
  6 giant geckos
  An orc (D:3)
  4 bat skeletons (D:3)
  2 bat zombies (D:3)
  7 goblins
  4 hobgoblins
  4 jackals
  9 bats
  3 giant cockroaches
  3 giant newts
  5 kobolds
  5 rats (D:1)
59 creatures vanquished.

Vanquished Creatures (collateral kills)
  Sigmund (D:3)
  Crazy Yiuf (D:3)
  2 adders
  2 giant mites (D:2)
  3 worms
  An ooze (D:1)
  A bat (D:1)
  2 giant cockroaches (D:1)
  2 goblins (D:1)
  A kobold (D:2)
  A quokka (D:3)
  A rat (D:1)
18 creatures vanquished.

Vanquished Creatures (others)
  A crimson imp (D:3)
  2 hounds
  A shadow imp (D:3)
  A quokka (D:1)
5 creatures vanquished.

Grand Total: 82 creatures vanquished

Notes
Turn   | Place    | Note
--------------------------------------------------------------
     0 | D:1      | PolkaDot, the Vampire Summoner, began the quest for the Orb.
     0 | D:1      | Reached XP level 1. HP: 13/13 MP: 3/3
   275 | D:1      | Reached XP level 2. HP: 8/19 MP: 4/4
   292 | D:1      | Learned a level 2 spell: Call Imp
   807 | D:1      | Reached skill level 5 in Summonings
   807 | D:1      | Reached XP level 3. HP: 22/24 MP: 6/6
   859 | D:1      | Learned a level 3 spell: Call Canine Familiar
  1604 | D:2      | Reached XP level 4. HP: 16/30 MP: 0/7
  2094 | D:3      | Noticed Sigmund
  2098 | D:3      | Found an iron altar of Okawaru.
  2216 | D:3      | Found a white marble altar of Elyvilon.
  2333 | D:3      | Noticed Autism's ghost (weakling DgFi)
  2343 | D:3      | HP: 1/30 [Autism's ghost (9)]
  2370 | D:3      | Killed Autism's ghost
  2370 | D:3      | Reached skill level 6 in Summonings
  2413 | D:3      | Killed Sigmund
  2413 | D:3      | Reached XP level 5. HP: 7/35 MP: 1/9
  2699 | D:3      | Noticed Crazy Yiuf
  2709 | D:3      | Killed Crazy Yiuf
  2925 | D:3      | Found an ancient bone altar of Kikubaaqudgha.
  2929 | D:3      | Reached skill level 7 in Summonings
  2931 | D:3      | Reached XP level 6. HP: 38/41 MP: 10/10
  2981 | D:3      | Noticed a fire drake
  2981 | D:3      | a worm changed into a fire drake
  2985 | D:3      | Killed from afar by a fire drake

Action                   |  1- 3 |  4- 6 || total
-------------------------+-------+-------++-------
Melee: Short sword       |   130 |    29 ||   159
       Unarmed           |     6 |       ||     6
       Mace              |     5 |       ||     5
       Scythe            |       |    30 ||    30
       Quarterstaff      |       |    28 ||    28
 Cast: Summon Small Mamm |     4 |       ||     4
       Call Imp          |     5 |    12 ||    17
       Call Canine Famil |     2 |     6 ||     8
  Use: Potion            |     1 |     7 ||     8
       Scroll            |       |     5 ||     5
 Stab: Sleeping          |    10 |     3 ||    13
       Distracted        |     1 |     1 ||     2
  Eat: Corpse            |    17 |     6 ||    23
